[Event "Championnat d'Europe Rapide"]
[Date "2024.12.08"]
[White "Zlatkov, Anton"]
[Black "Ragger, Markus"]
[WhiteElo "2324"]
[BlackElo "2577"]
[Round "8.36"]
[Result "0-1"]
[TimeControl "900+10"]

1. e4 e5 2.
Nf3 Nc6 3. Bc4 Nf6 4. d3 d5 5. exd5 Nxd5 6. O-O Nb6 7. Bb5 Bd6 8. Nxe5 Bxe5 9. Bxc6+ bxc6 10. Re1 Qe7 11. Kh1 Bb7 12. d4 O-O-O 13. Qg4+ Kb8 14. dxe5 h5 15. Qe2 h4 16. h3 f5 17. Nc3 g5 18. f3 c5 19. a4 g4 20. a5 gxf3 21. gxf3 Rhg8 22. Bf4 Rd4 23. Bh2 Rd2 24. Qf1 Nc4 25. a6 Bc6 26. Re2 Qg5 27. Qf2 Rxe2 28. Nxe2 Qd2 29. Rg1 Rxg1+ 30. Bxg1 Nxe5 31. Qxc5 Bxf3+ 32. Kh2 Qxe2+ 33. Bf2 Kc8 34. Qf8+ Kd7 35. Qxf5+ Kc6 36. Qe6+ Kb5 37. Qb3+ Kxa6 38. Qa2+ Kb7 39. Qb3+ Kc6 40. Qe6+ Kb7 41. Qb3+ Kc8 42. Qg8+ Kd7 43. Qg7+ Kc6 44. Qf6+ Kb7 45.
Qxh4 Be4 46.
Qf4 Qxc2 47.
Kg3 Qd3+ 48.
Kh2 Qf3 0-1

[Site "Europe Echecs"]

[Event "Championnat d'Europe Rapide"]
[Date "2024.12.08"]
[White "Pichot, Alan"]
[Black "Reprintsev, Alexander"]
[WhiteElo "2637"]
[BlackElo "2230"]
[Round "8.37"]
[Result "1-0"]
[TimeControl "900+10"]

1. e4 d5 2.
exd5 Qxd5 3.
Nc3 Qd6 4.
d4 Nf6 5.
Nf3 c6 6.
Ne5 Be6 7.
Bf4 Qd8 8.
Qd2 Nbd7 9.
O-O-O Nxe5 10. Bxe5 Qa5 11. Bd3 Bxa2 12. Nxa2 Qxa2 13. Qb4 b5 14. Rhe1 e6 15. Qc3 Qa1+ 16. Kd2 Qa6 17. Bxf6 gxf6 18. Ke2 Qb6 19. Kf1 Be7 20. Be4 Rc8 21. d5 b4 22. Qc4 Qb5 23. Qxb5 cxb5 24. d6 Rc5 25. dxe7 Kxe7 26.
Ra1 Rc7 27.
Ra5 Rb8 28.
Rea1 1-0

[Site "Europe Echecs"]

[Event "Championnat d'Europe Rapide"]
[Date "2024.12.08"]
[White "Djukic, Nikola"]
[Black "Guid, Matej"]
[WhiteElo "2493"]
[BlackElo "2266"]
[Round "8.38"]
[Result "1-0"]
[TimeControl "900+10"]

1. e4 c5 2.
Nf3 e6 3. d4 cxd4 4. Nxd4 Nc6 5. Nc3 Qc7 6. Be2 a6 7. O-O Nf6 8. Be3 Bb4 9. Na4 Be7 10. Nxc6 bxc6 11. Nb6 Rb8 12. Nxc8 Qxc8 13. Bd4 c5 14. Be5 Rb6 15. Qd3 d6 16. Bc3 O-O 17. b3 Nd7 18. Rad1 Bf6 19. Ba5 Rc6 20. f4 Bd8 21. Bc3 c4 22. bxc4 Nb6 23. c5 Rxc5 24. Bb4 Rxc2 25. Bxd6 Re8 26. Qxa6 Qxa6 27. Bxa6 Na4 28. a3 Nc3 29. Rde1 Bb6+ 30. Kh1 Bf2 31. Rxf2 Rxf2 32. Kg1 Rd2 33. Bb4 Ra8 34. Bf1 Rc8 35. g3 h5 36. Re3 Rc2 37. Ba6 Rc6 38. Bd3 Rc1+ 39. Kg2 Na2 40. Bd2 Rd1 41. Ba5 Nc1 42. Bb5 Rc2+ 43. Kf3 Nb3 44. Rxb3 Rxh2 45. Be2 Rg1 46. Bb6 Ra1 47. Bf2 Ra2 48. Re3 f6 49. Bg1 Rhxe2 50. Rxe2 Rxa3+ 51. Re3 Ra2 52. Rb3 1-0

[Site "Europe Echecs"]

[Event "Championnat d'Europe Rapide"]
[Date "2024.12.08"]
[White "Baidetskyi, Valentin"]
[Black "Gaponenko, Inna"]
[WhiteElo "2519"]
[BlackElo "2343"]
[Round "8.39"]
[Result "1-0"]
[TimeControl "900+10"]

1. e4 c5 2. Nf3 g6 3. Bc4 Bg7 4. O-O Nc6 5. c3 e6 6. Re1 Nge7 7. d4 cxd4 8. cxd4 d5 9. Bb3 dxe4 10. Rxe4 O-O 11. Nc3 h6 12. Bd2 b6 13. Qc1 Kh7 14. Bc2 Nf5 15. Ne2 Bb7 16. Bc3 Nce7 17. Rg4 Bxf3 18. gxf3 Nd5 19. Qf1 Rc8 20. Qh3 b5 21. a3 a5 22. Bd3 Nxc3 23. bxc3 Qd5 24. Rb1 Qa2 25. Rxb5 Qxa3 26. d5 Qa1+ 27. Kg2 Qd1 28. f4 a4 29. dxe6 fxe6 30. Rb7 a3 31. Rxg6 Kxg6 32. Bxf5+ Kf6 33. Be4 1-0

[Site "Europe Echecs"]

[Event "Championnat d'Europe Rapide"]
[Date "2024.12.08"]
[White "Upleger, Martin"]
[Black "Dragnev, Valentin"]
[WhiteElo "2297"]
[BlackElo "2563"]
[Round "8.40"]
[Result "0-1"]
[TimeControl "900+10"]

1. d4 e6 2.
e4 d5 3.
exd5 exd5 4.
Nf3 Nc6 5.
Bd3 Bd6 6.
O-O Nge7 7.
c4 dxc4 8.
Bxc4 O-O 9.
h3 Bf5 10.
a3 Qd7 11.
Nc3 Ng6 12.
Re1 h6 13.
Nb5 Rae8 14.
Rxe8 Rxe8 15. Nxd6 Qxd6 16. Be3 Be4 17. Rc1 Nge7 18. Nd2 Bd5 19. Qg4 Bxc4 20. Nxc4 Qf6 21. Qd7 Rc8 22. d5 Nb8 23. Qb5 b6 24. Rd1 Rd8 25. Bd4 Qg6 26. Be5 a6 27. Qb3 Rxd5 28. Bxc7 Nd7 29. Nxb6 Nxb6 30. Re1 Rb5 31. Qf3 Nbd5 32. b4 Nxc7 33. Rxe7 Ne6 34. Qa8+ Kh7 35. Qxa6 Re5 36. Qf1 Qf6 37. Re8 Qf4 38. Rc8 Qd2 39. Rc1 Nf4 40. Kh1 Nd3 41. Rb1 Nxf2+ 42. Kg1 Re2 43. b5 Qe3 44. Kh2 Qf4+ 45. Kg1 Nxh3+ 46. Kh1 Nf2+ 47.
Kg1 Qe3 48.
Kh2 Ng4+ 49.
Kh1 Qe5 0-1

[Site "Europe Echecs"]

[Event "Championnat d'Europe Rapide"]
[Date "2024.12.08"]
[White "Pezelj, Sinisa"]
[Black "Kalezic, Blazo"]
[WhiteElo "2201"]
[BlackElo "2382"]
[Round "8.41"]
[Result "0-1"]
[TimeControl "900+10"]

1. c4 e5 2.
Nc3 Nc6 3.
Nf3 f5 4. e3 e4 5. Nd4 Nxd4 6. exd4 Nf6 7. d3 Bb4 8. Bd2 Bxc3 9. Bxc3 O-O 10. Qc2 d5 11. O-O-O Be6 12. c5 a5 13. f3 Qd7 14. dxe4 fxe4 15. Be2 Bf5 16. Qd2 Rfe8 17.
Rdf1 Bg6 18.
f4 e3 19.
Qd1 Qf5 0-1

[Site "Europe Echecs"]

[Event "Championnat d'Europe Rapide"]
[Date "2024.12.08"]
[White "Stankovic, Milos"]
[Black "Druckenthaner, Andreas"]
[WhiteElo "2462"]
[BlackElo "2206"]
[Round "8.42"]
[Result "1-0"]
[TimeControl "900+10"]

1. d4 f5 2.
g4 fxg4 3.
h3 d5 4. Bf4 Nf6 5. Nc3 a6 6. Qd3 Nc6 7. O-O-O g6 8. hxg4 Bxg4 9. f3 Nb4 10. Qd2 Bf5 11. a3 Nc6 12. e4 Be6 13. Nh3 Bg8 14. Bg5 Bg7 15. Nf4 dxe4 16.
fxe4 e5 17.
Nfd5 exd4 18. Qf4 Bxd5 19. Nxd5 Nxd5 20. exd5 Qxd5 21. Re1+ Be5 22. Bf6 O-O 23. Qh6 1-0

[Site "Europe Echecs"]

[Event "Championnat d'Europe Rapide"]
[Date "2024.12.08"]
[White "Saraci, Nderim"]
[Black "Kukov, Velislav"]
[WhiteElo "2431"]
[BlackElo "2316"]
[Round "8.43"]
[Result "1-0"]
[TimeControl "900+10"]

1. d4 Nf6 2. Nf3 d5 3. Bf4 c5 4. e3 cxd4 5. exd4 Nc6 6. c3 Bg4 7. Nbd2 e6 8. Qb3 Qc8 9. Ne5 Nxe5 10. Bxe5 Nd7 11. Bg3 Be7 12. Bd3 Bh5 13. O-O O-O 14. a4 Bg6 15. Be2 Nf6 16. a5 Ne4 17. Nxe4 Bxe4 18. f3 Bg6 19. c4 dxc4 20. Bxc4 Qd7 21. d5 exd5 22. Bxd5 Rac8 23. Qxb7 Qxb7 24.
Bxb7 Rc2 25.
Bf2 Rxb2 26.
a6 Rb8 27.
Rfc1 Rxf2 28. Kxf2 h6 29. Ra5 Bd8 30. Rd5 Bb6+ 31. Kg3 Re8 32. Rc6 Bg1 33. Rc8 Rxc8 34. Bxc8 f6 35. Bf5 Be8 36. Rd8 Kf7 37. Bd7 Bxd7 38. Rxd7+ Kg6 39. Rd1 Bb6 40. f4 Kf5 41. Kf3 h5 42. Rd5+ Kg6 43. Ke4 Bg1 44. h3 h4 45. Rd1 Bb6 46. f5+ Kh6 47. Kf4 g6 48. Kg4 Bf2 49. Rd7 g5 50. Rd6 Kg7 51. Kh5 1-0

[Site "Europe Echecs"]

[Event "Championnat d'Europe Rapide"]
[Date "2024.12.08"]
[White "Savanovic, Aleksandar"]
[Black "Ciric, Pavle"]
[WhiteElo "2354"]
[BlackElo "2346"]
[Round "8.44"]
[Result "1-0"]
[TimeControl "900+10"]

1. e4 e6 2. d4 d5 3. e5 c5 4. c3 Nc6 5. Nf3 Qb6 6. Be2 cxd4 7. cxd4 Nh6 8. Bxh6 Qxb2 9. Nbd2 gxh6 10. O-O Nxd4 11. Rb1 Nxe2+ 12. Qxe2 Qa3 13. Nd4 a6 14. Rfc1 Be7 15. N2b3 Bd7 16. Rc7 Rb8 17. Qd2 Bg5 18. Qc2 Bd8 19. Rc3 Ba5 20. Nxa5 Qxa5 21. Qd2 Qa4 22. Rcb3 b5 23. Rb4 Qa5 24. Qxh6 Rc8 25. h4 Rc4 26. Rxc4 dxc4 27. Qg7 Rf8 28. Qxh7 Qc3 29. Rd1 b4 30. Qe4 Ke7 31. Qb7 Ke8 32. Qb8+ Ke7 33. Nc6+ 1-0

[Site "Europe Echecs"]

[Event "Championnat d'Europe Rapide"]
[Date "2024.12.08"]
[White "Wyss, Jonas"]
[Black "Ghimpu, Samuel-Timotei"]
[WhiteElo "2270"]
[BlackElo "2475"]
[Round "8.45"]
[Result "1/2-1/2"]
[TimeControl "900+10"]

1. e4 c5 2. Nf3 e6 3. d4 cxd4 4. Nxd4 Nf6 5. Nc3 Nc6 6. Ndb5 Bc5 7. Bf4 O-O 8. Bc7 Qe7 9. Bd6 Bxd6 10. Qxd6 Qd8 11. Qc7 d5 12. exd5 exd5 13. Qxd8 Rxd8 14. O-O-O d4 15. Ne2 Ne4 16. Rg1 Nxf2 17. Rd2 Ne4 18. Rd1 Bg4 19. Nbxd4 Nf2 20. Rd2 Ne4 21. Rd1 Nf2 22. Rd2 Bxe2 23. Nxc6 Rxd2 24. Kxd2 Bxf1 25. Rxf1 Ng4 26. h3 Nf6 27. Nd4 Rd8 28. c3 Ne4+ 29. Kd3 Nd6 30. Re1 Kf8 31. Re5 g6 32. Rd5 Ke7 33. c4 Rc8 34. c5 Ne8 35. b4 a6 36. a4 Nf6 37. Rd6 Nd7 38. Kc4 a5 39. Kb5 axb4 40. Rd5 Nb8 41. Kxb4 Na6+ 42. Kc4 Nc7 43. Rd6 Na6 44.
Rd5 Nc7 45.
Rd6 Na6 46.
Rd5 1/2-1/2

[Site "Europe Echecs"]

[Event "Championnat d'Europe Rapide"]
[Date "2024.12.08"]
[White "Pacher, Milan"]
[Black "Ciolacu, Alessia-Mihaela"]
[WhiteElo "2310"]
[BlackElo "2124"]
[Round "8.46"]
[Result "0-1"]
[TimeControl "900+10"]

1. e4 c5 2.
Nf3 d6 3.
Bb5+ Bd7 4.
Bxd7+ Qxd7 5. c4 e5 6.
Nc3 Be7 7.
d3 Nc6 8. a3 Bd8 9. b4 Nge7 10. O-O O-O 11. b5 Nd4 12. Nxd4 cxd4 13. Nd5 Nxd5 14.
exd5 f5 15.
a4 Bf6 16.
a5 g5 17. a6 b6 18. h3 g4 19. hxg4 fxg4 20. Qe2 Qf5 21. Ba3 Be7 22. Rae1 Qh5 23. Qe4 Rf4 24. Qe2 Raf8 25. Bc1 R4f5 26. Qe4 Bg5 27. c5 Bxc1 28.
Rxc1 Rf4 29.
Qe2 R8f6 30.
cxd6 Rh6 31.
Rc8+ Kf7 32.
Rc7+ Kf6 33.
f3 g3 0-1

[Site "Europe Echecs"]

[Event "Championnat d'Europe Rapide"]
[Date "2024.12.08"]
[White "Eftovski, Mateo"]
[Black "Aizenberg, Benny"]
[WhiteElo "2029"]
[BlackElo "2425"]
[Round "8.47"]
[Result "0-1"]
[TimeControl "900+10"]

1. d4 f5 2.
Nf3 Nf6 3.
g3 g6 4. Bg2 Bg7 5. O-O O-O 6. c4 d6 7. Qc2 Qe8 8. d5 e5 9. dxe6 Nc6 10. Nbd2 Bxe6 11. e3 h6 12. Nd4 Nxd4 13.
exd4 c6 14. b3 g5 15. Bb2 Qh5 16. Rae1 Rfe8 17. Qd1 Qxd1 18. Rxd1 d5 19. cxd5 Bxd5 20. Nc4 Re2 21.
Bxd5+ cxd5 22. Rd2 Rae8 23. Rxe2 Rxe2 24. Ne3 Rxb2 25. Nxf5 Bf8 26. Rc1 Ne4 27. Rc8 Rxf2 28. Nxh6+ Kg7 29. Ng4 Rf3 30. Rc7+ Rf7 31. Rc8 Nd2 32. Rd8 Nf3+ 33. Kg2 Nxd4 34. Rxd5 Nf5 35. Rd8 Bd6 36. Ra8 a6 37. Rd8 Bc5 38. Rd3 Re7 39. Kf3 Nd4+ 40. Kg2 Re2+ 41. Kh3 Rxa2 42. Ne5 Re2 43. Nc4 b5 44. Nd2 a5 45. Kg4 a4 46. bxa4 bxa4 47. Kxg5 Rxd2 0-1

[Site "Europe Echecs"]

[Event "Championnat d'Europe Rapide"]
[Date "2024.12.08"]
[White "Avramidou, Anastasia"]
[Black "Stefanova, Antoaneta"]
[WhiteElo "2298"]
[BlackElo "2418"]
[Round "8.48"]
[Result "1/2-1/2"]
[TimeControl "900+10"]

1. d4 d5 2. c4 c6 3. Nf3 Nf6 4. e3 g6 5. Nc3 Bg7 6. Be2 O-O 7. O-O a6 8. b3 b5 9. Bb2 Nbd7 10. Qc2 Nb6 11. Ne5 Bf5 12. Bd3 Bxd3 13. Qxd3 dxc4 14.
bxc4 b4 15.
Ne2 Na4 16.
Rab1 Nxb2 17. Rxb2 c5 18. Rc2 Qc7 19. Qb3 a5 20. Qa4 Ne4 21. Nd3 cxd4 22. exd4 Rfd8 23. d5 Nc3 24. Nxc3 Bxc3 25. Nb2 Bxb2 26. Rxb2 Qxc4 27. a3 Rxd5 28. axb4 Rb8 29.
Rfb1 Rdb5 30. h3 axb4 31. Rb3 h5 32. Qa7 Qe4 33. Rc1 R5b7 34. Qa5 Qe6 35. Rcb1 Qd6 36. Qg5 Rb5 37. Qh4 Kg7 38. Qe4 e5 39. Re1 Qe6 40. Reb1 Qd6 41. Re1 f5 42. Qe3 e4 43. Ra1 R8b7 44. g3 Rd5 45. Ra7 Qd7 46. Ra6 Rd6 47. Ra8 Rc6 48. Kg2 Qd5 49. Ra4 Qc5 50. Qxc5 Rxc5 51. Raxb4 Rxb4 52. Rxb4 Rc2 53. Rb3 h4 54. gxh4 f4 55. Rb4 Re2 56. Kf1 f3 57. Rb5 Ra2 58. Ke1 Kf6 59. h5 g5 60. h6 Kg6 61. Rb6+ Kh7 62. Re6 Re2+ 63. Kf1 Ra2 64.
Ke1 Ra1+ 65. Kd2 Rf1 66. Rxe4 Rxf2+ 67. Ke3 Rf1 68. Rg4 Kxh6 69. Rg3 Kh5 70. Rxf3 Ra1 71. Kf2 Kh4 72. Rd3 Ra2+ 73. Kg1 1/2-1/2

[Site "Europe Echecs"]

[Event "Championnat d'Europe Rapide"]
[Date "2024.12.08"]
[White "Pipiras, Filipa Fortuna"]
[Black "Vuckovic, Zarko"]
[WhiteElo "2178"]
[BlackElo "2334"]
[Round "8.49"]
[Result "1-0"]
[TimeControl "900+10"]

1. d4 Nf6 2.
c4 e6 3. Nc3 Bb4 4. a3 Bxc3+ 5. bxc3 Nc6 6. f3 d6 7. e4 b6 8. Bd3 O-O 9. Ne2 Ba6 10. O-O Na5 11. Bg5 Bxc4 12. f4 Qe8 13. Bxf6 gxf6 14. Ng3 Kh8 15. Nh5 Qe7 16. Bxc4 Nxc4 17. Qg4 Rg8 18. Qh4 Rg6 19. Rf2 Rag8 20. Re1 Qd8 21. f5 Rh6 22. Kh1 Rg5 23. g4 Qg8 24. h3 e5 25. Rg2 a5 26. Qf2 Rhxh5 27. gxh5 Rxg2 28. Qxg2 Qxg2+ 29. Kxg2 Nxa3 30. Kf3 Nb5 31. dxe5 fxe5 32. Rc1 Kg7 33. Ke3 Kf6 34. Kd3 h6 35. Rg1 Na3 36. c4 b5 37. cxb5 Nxb5 38. Ra1 Kg5 39. Rxa5 c6 40. Ra6 Nd4 41. Ra7 f6 42. Rg7+ Kf4 43. Rg4+ Kf3 44. Rg6 d5 45. exd5 cxd5 46. Rxf6 Kf4 47. Rxh6 Nxf5 48. Rg6 e4+ 49. Kd2 e3+ 50. Ke2 Nd4+ 51. Kd3 e2 52. Kd2 Kf5 53. Rg4 Nf3+ 54. Kxe2 Ng5 55. h6 Nxh3 56. h7 Kxg4 57. h8=Q Ng5 58. Qd4+ Ne4 59. Ke3 1-0

[Site "Europe Echecs"]

[Event "Championnat d'Europe Rapide"]
[Date "2024.12.08"]
[White "Baskin, Robert"]
[Black "Triadu Cassa, Jordi"]
[WhiteElo "2442"]
[BlackElo "2108"]
[Round "8.50"]
[Result "1-0"]
[TimeControl "900+10"]

1. e4 e5 2. Nf3 Nc6 3. Bb5 a6 4. Ba4 Nf6 5. O-O Be7 6. Re1 b5 7. Bb3 d6 8. c3 O-O 9. h3 Na5 10. Bc2 c5 11. d4 Qc7 12. Nbd2 cxd4 13. cxd4 Bb7 14. d5 Rac8 15. Bd3 Nd7 16. Nf1 f5 17. Ne3 f4 18. Nf5 Nc5 19. Nxe7+ Qxe7 20. Bc2 Nc4 21. b3 Nb6 22. Bd2 Rc7 23. Ba5 Ncd7 24. Rc1 h6 25. Qd2 g5 26. Bd3 Rfc8 27. Rxc7 Rxc7 28. Rc1 Qd8 29. Rxc7 Qxc7 30. h4 g4 31. Nh2 Nf6 32. g3 fxg3 33. fxg3 Qc5+ 34. Qf2 Qxf2+ 35. Kxf2 Nbd7 36. Ke3 h5 37. Nf1 Kf7 38. Nd2 Ke7 39. b4 Bc8 40. Nb1 Ne8 41. Nc3 Nb8 42. a4 bxa4 43. Nxa4 Nd7 44. Kd2 Bb7 45. Nc3 Nb8 46. Nd1 Bc8 47. Ne3 Bd7 48. Bb6 Bb5 49. Bxb5 axb5 50. Nd1 Na6 51. Ba5 Kd7 52. Ne3 Ke7 53. Nf5+ Kf6 54. Kd3 Kf7 55. Kc3 Nb8 56. Bd8 Nd7 57. Be7 Ng7 58. Nxg7 Kxe7 59. Nf5+ Kd8 60. Nxd6 Nf6 61. Kd3 Kc7 1-0

[Site "Europe Echecs"]

[Event "Championnat d'Europe Rapide"]
[Date "2024.12.08"]
[White "Bognar, Csaba Dr."]
[Black "Bulmaga, Irina"]
[WhiteElo "2067"]
[BlackElo "2386"]
[Round "8.51"]
[Result "1/2-1/2"]
[TimeControl "900+10"]

1. d4 Nf6 2.
c4 e6 3. Nf3 b6 4. g3 Bb7 5. Bg2 Be7 6. O-O O-O 7. b3 d5 8. Nbd2 Nbd7 9. Bb2 c5 10. e3 Rc8 11. Rc1 Re8 12. Re1 Rc7 13. Ne5 Bf8 14. Nd3 dxc4 15.
Nxc4 Bxg2 16. Kxg2 Ne4 17. f3 Nd6 18. e4 cxd4 19. Nxd6 Bxd6 20. Bxd4 Ba3 21. Bb2 Bxb2 22. Nxb2 Qc8 23.
Nc4 Rd8 24. Nd6 Qb8 25. Rxc7 Qxc7 26. Re2 Ne5 27. Rd2 h5 28. Nb5 Rxd2+ 29. Qxd2 Qc5 30. Nc3 b5 31. Ne2 b4 32. Qd8+ Kh7 33. Qg5 g6 34. f4 f6 35. Qxf6 Ng4 36. Qf7+ Kh6 37. Kh1 Nf2+ 38. Kg2 Ng4 39. Kh1 Qd6 40. Qg8 Nf6 41. Qh8+ Nh7 42. Qd4 Qa6 43. Qd2 Nf6 44. e5 Ng4 45. f5+ g5 46. h4 Qc6+ 47. Kg1 Qc5+ 48. Kh1 Nf2+ 49. Kg2 Ne4 50. hxg5+ Nxg5 51. Qd8 Qxe5 52. Qf8+ Kh7 53. Qe7+ Kh6 54. Qf8+ Kh7 55. Qe7+ Kh6 1/2-1/2

[Site "Europe Echecs"]

[Event "Championnat d'Europe Rapide"]
[Date "2024.12.08"]
[White "Baliasnyj, Timur"]
[Black "Dobrikov, Marco"]
[WhiteElo "2174"]
[BlackElo "2407"]
[Round "8.52"]
[Result "0-1"]
[TimeControl "900+10"]

1. Nf3 g6 2.
c4 Bg7 3. g3 Nf6 4. Bg2 O-O 5. O-O d6 6. Nc3 e5 7. Rb1 a5 8. a3 c6 9. d3 Re8 10. b4 axb4 11. axb4 d5 12. b5 Nbd7 13. bxc6 bxc6 14. cxd5 cxd5 15. Nb5 Ba6 16. Qc2 Rb8 17. Nd6 Rxb1 18. Qxb1 Rf8 19. Ba3 Qa5 20. Qc1 h6 21. Rd1 Rb8 22. Nd2 Bf8 23. e4 Qb6 24. Nxf7 Kxf7 25. Bxf8 Kxf8 26. exd5 Kg7 27. Nc4 Bxc4 28. dxc4 Nc5 29. Qa1 e4 30. Re1 Nd3 31. Rxe4 Qb5 0-1

[Site "Europe Echecs"]

[Event "Championnat d'Europe Rapide"]
[Date "2024.12.08"]
[White "Tomasi, Elise"]
[Black "Djurovic, Peko"]
[WhiteElo "2073"]
[BlackElo "2253"]
[Round "8.53"]
[Result "1-0"]
[TimeControl "900+10"]

1. d4 d5 2. Nf3 Nf6 3. g3 e6 4. Bg2 h6 5. O-O Bd6 6. c4 O-O 7. Nc3 Nc6 8. a3 dxc4 9. Qa4 e5 10. d5 Nd4 11. Qxc4 Nxf3+ 12. Bxf3 a6 13. Bg2 b5 14. Qd3 Bb7 15. e4 Qe7 16. Be3 c6 17. Rad1 cxd5 18.
exd5 Bc8 19.
a4 b4 20.
Nb1 a5 21. Rfe1 Bg4 22. Rc1 Bd7 23. b3 Ng4 24. Nd2 Nxe3 25. fxe3 f5 26. Nc4 e4 27. Qd4 Bc5 28. d6 Bxd4 29.
dxe7 Bxe3+ 30. Nxe3 Rfc8 31. Nc4 Ra7 32. Nd6 Rb8 33. Rc5 g6 34. Rec1 Kg7 35. Rc8 Rb6 36. e8=Q Bxe8 37. Nxe8+ Kf7 38. Nc7 Rab7 39. Nb5 Kf6 40. Kf2 Rd7 41. R8c6+ Rxc6 42. Rxc6+ Ke5 43. Rc5+ Kf6 44. Bf1 Rd2+ 45.
Be2 g5 46.
Nc7 f4 47.
gxf4 gxf4 48. Nd5+ Ke5 49. Nc3+ Ke6 50. Nxe4 Rb2 51. Rxa5 Ke7 52. Nc5 Rc2 53. Rb5 Rc3 54. a5 1-0

[Site "Europe Echecs"]

[Event "Championnat d'Europe Rapide"]
[Date "2024.12.08"]
[White "Lauda, Alexandr"]
[Black "Mastrovasilis, Dimitrios"]
[WhiteElo "2255"]
[BlackElo "2537"]
[Round "8.54"]
[Result "0-1"]
[TimeControl "900+10"]

1. e4 c5 2.
Nf3 e6 3. d4 cxd4 4. Nxd4 a6 5. Bd3 g6 6. c4 Bg7 7. Ne2 Ne7 8. Nbc3 O-O 9. O-O Nbc6 10. Bg5 h6 11. Bh4 g5 12. Bg3 Ne5 13. Rc1 N7g6 14. b3 b5 15. c5 Bb7 16. Bb1 Qe7 17. b4 Rad8 18. f4 gxf4 19.
Nxf4 Nxf4 20. Bxf4 d6 21. Qh5 Qf6 22. cxd6 Rxd6 23. Be3 Qg6 24. Qxg6 fxg6 25. Rxf8+ Bxf8 26. Ne2 Nc4 27. Bc5 Rd2 28. Kf2 Rb2 29. Bd3 Ne5 30. Bc2 Rxa2 31. Kf1 Nc4 32. Nf4 Bxc5 33. bxc5 Rxc2 0-1

[Site "Europe Echecs"]

[Event "Championnat d'Europe Rapide"]
[Date "2024.12.08"]
[White "Georgiev, Kiril"]
[Black "Fedoseev, Vladimir"]
[WhiteElo "2537"]
[BlackElo "2709"]
[Round "9.1"]
[Result "0-1"]
[TimeControl "900+10"]

1. d4 d5 2.
c4 dxc4 3.
e3 Nf6 4.
Bxc4 e6 5.
Nf3 Be7 6.
O-O a6 7.
Qe2 Nbd7 8.
a4 c5 9. a5 cxd4 10.
exd4 Nd5 11.
Bxd5 exd5 12. Re1 Nf6 13. Nc3 h6 14. Na4 Be6 15. Nb6 Rb8 16. Bf4 Bd6 17. Bxd6 Qxd6 18. Ne5 O-O 19. f3 Rfe8 20. Qd2 Nd7 21. Nexd7 Bxd7 22. Re5 Bc6 23. Rae1 Rxe5 24. Rxe5 f6 25. Re1 Kf7 26. g3 h5 27. Kf2 h4 28. Qf4 Qxf4 29. gxf4 Rh8 30. b4 Rg8 31. Re3 Kg6 32. Re7 Kf5 33. Ke3 h3 34. Nd7 g5 35. fxg5 Rxg5 36. Nf8 Rg8 37. Ne6 Rg1 38. Ng7+ Kg6 39. Ne6 Rb1 40. Kf4 f5 41. Ke5 Re1+ 42. Kd6 Kf6 43. f4 Re4 0-1

[Site "Europe Echecs"]

[Event "Championnat d'Europe Rapide"]
[Date "2024.12.08"]
[White "Jobava, Baadur"]
[Black "Safarli, Eltaj"]
[WhiteElo "2578"]
[BlackElo "2610"]
[Round "9.2"]
[Result "1/2-1/2"]
[TimeControl "900+10"]

1. d4 Nf6 2.
Nc3 d5 3.
Bf4 a6 4. e3 e6 5. h4 c5 6. g4 cxd4 7. exd4 Bb4 8. Bd3 Nc6 9. g5 Ne4 10. Nge2 O-O 11. f3 Nxc3 12.
bxc3 Ba5 13.
O-O Re8 14.
Qd2 e5 15.
dxe5 Bh3 16.
Rfe1 Rc8 17.
Kh2 Bd7 18.
Ng3 Ne7 19.
e6 Bxe6 20.
Be5 Ng6 21.
Bxg6 hxg6 22. Re3 Rc4 23. f4 b5 24. Rae1 d4 25. Bxd4 Rxd4 26. Qxd4 Qxd4 27. cxd4 Bxe1 28. Rxe1 Rc8 29. Re2 Bxa2 30. Ne4 a5 31. Nd6 Rd8 32. Nxb5 Bc4 33. Re5 f6 34. Rc5 Bxb5 35. Rxb5 Rxd4 36. gxf6 gxf6 37. h5 Rxf4 38. hxg6 a4 39. Rb7 Rf2+ 40. Kg3 Rxc2 41. Ra7 Ra2 42. Kf4 a3 43. Kf5 Rf2+ 44. Kg4 a2 45. Kg3 1/2-1/2

[Site "Europe Echecs"]

[Event "Championnat d'Europe Rapide"]
[Date "2024.12.08"]
[White "Van Foreest, Jorden"]
[Black "Dardha, Daniel"]
[WhiteElo "2677"]
[BlackElo "2639"]
[Round "9.3"]
[Result "0-1"]
[TimeControl "900+10"]

1. e4 e5 2.
Nf3 Nc6 3.
Bc4 Bc5 4.
O-O Nf6 5.
d3 d6 6. c3 a5 7. Re1 Ba7 8. Nbd2 O-O 9. h3 Be6 10. Bb5 Ne7 11. d4 Ng6 12. Nf1 exd4 13.
cxd4 d5 14.
e5 Ne4 15.
Bd3 f6 16.
Be3 f5 17.
Qe2 Kh8 18.
Rad1 Qd7 19.
Bd2 Bb6 20.
Bb1 Rae8 21.
Bc1 Qe7 22.
a3 c6 23.
Qe3 a4 24.
Bc2 Ba5 25.
Bd2 Nxd2 26.
N1xd2 b5 27.
Rc1 Rc8 28.
Bd3 Bb6 29.
b4 axb3 30.
Nxb3 Qxa3 31. Nc5 Bxc5 32. Rxc5 h6 33. Bc2 Qxe3 34. fxe3 Ne7 35. Bb3 Ra8 36. g3 Ra3 37. Rb1 Rfa8 38. Ne1 Ra1 39. Rcc1 Rxb1 40. Rxb1 Kg8 41.
Nd3 Kf7 42.
Kf2 Ra3 43.
Ke2 g5 44.
Kd2 f4 45.
exf4 Bxh3 46. Nb4 Bd7 47. fxg5 hxg5 48. Kc3 Nf5 49.
Rh1 Kg7 50. Rh5 Kg6 51. Rh8 Nxd4 52. Kxd4 Rxb3 53. Kc5 d4 54. Rd8 Rc3+ 55. Kd6 Bg4 56. Nxc6 d3 57. Ne7 Kf7 58. Nd5 Rc8 59. Rxc8 Bxc8 60. Ne3 d2 0-1

[Site "Europe Echecs"]

[Event "Championnat d'Europe Rapide"]
[Date "2024.12.08"]
[White "Korobov, Anton"]
[Black "Grigoriants, Sergey"]
[WhiteElo "2629"]
[BlackElo "2542"]
[Round "9.4"]
[Result "1-0"]
[TimeControl "900+10"]

1. c4 Nf6 2.
Nc3 e5 3.
Nf3 Nc6 4.
g3 Bb4 5.
Bg2 O-O 6.
O-O Bxc3 7.
bxc3 Re8 8.
Ne1 e4 9. f3 d5 10. cxd5 Qxd5 11.
fxe4 Nxe4 12. Qb3 Qxb3 13. axb3 Nc5 14. Ra3 Be6 15. b4 Nb3 16. Nd3 Rad8 17. b5 Nca5 18. Nf4 b6 19. d3 Bg4 20. e4 Nxc1 21. Rxc1 Bd7 22. c4 c6 23. bxc6 Bxc6 24. Nd5 Rc8 25. Bh3 Rb8 26. Kf2 f6 27. c5 Bxd5 28. exd5 Rbd8 29. c6 1-0

[Site "Europe Echecs"]

[Event "Championnat d'Europe Rapide"]
[Date "2024.12.08"]
[White "Sargissian, Gabriel"]
[Black "Kadric, Denis"]
[WhiteElo "2628"]
[BlackElo "2544"]
[Round "9.5"]
[Result "1/2-1/2"]
[TimeControl "900+10"]

1. Nf3 d6 2.
d4 Nf6 3. g3 Nbd7 4. c4 e5 5. Nc3 g6 6. Bg2 Bg7 7. O-O O-O 8. h3 Re8 9. e4 b6 10. Re1 exd4 11. Nxd4 Bb7 12. Nc2 Nc5 13. f3 c6 14. Ne3 a5 15. Kh2 Qc7 16. Ng4 Nh5 17. f4 f5 18. exf5 Rxe1 19. Qxe1 gxf5 20. Ne3 Qf7 21. Qd1 Qg6 22. Nxf5 Qxf5 23. g4 Qd3 24. gxh5 Re8 25. Qxd3 Nxd3 26. Ne4 Ba8 27. Bd2 c5 28. Ng3 Bxg2 29. Kxg2 Nxb2 30. Rc1 Rd8 31. Nf5 Bf6 32. Ne3 Kf7 33. Kf3 a4 34. Bc3 Nd3 35. Bxf6 Kxf6 36. Rb1 Nb4 37. a3 Nc6 38.
Rxb6 Nd4+ 39. Ke4 Re8+ 40. Kd3 Ke6 41. Nd5 Rg8 42. Rb7 Nf5 43. Rxh7 Rg3+ 44. Ke4 Rxa3 45. Nc7+ Kf6 46. Ne8+ Ke6 47. Nc7+ Kf6 48. Ne8+ Ke6 49. Nc7+ [Site "Europe Echecs"]

[Event "Championnat d'Europe Rapide"]
[Date "2024.12.08"]
[White "Quparadze, Giga"]
[Black "Beerdsen, Thomas"]
[WhiteElo "2537"]
[BlackElo "2502"]
[Round "9.6"]
[Result "1-0"]
[TimeControl "900+10"]

1. e4 e5 2. Nf3 Nc6 3. Bb5 f5 4. d3 fxe4 5. dxe4 Nf6 6. O-O d6 7. Bc4 Bg4 8. h3 Bh5 9. Qd3 Qc8 10. Ng5 Nd8 11. f4 exf4 12. Bxf4 h6 13. e5 hxg5 14. exf6 gxf6 15. Re1+ Be7 16. Nc3 Nf7 17. Be6 Qd8 18. Bg3 c6 19. Re3 Ne5 20. Qd2 Bf7 21. Bxf7+ Kxf7 22. Qe2 Qb6 23. Rf1 Raf8 24. Ne4 Ke8 25. Bf2 Qc7 26. c4 Kd8 27. Ra3 b6 28. b4 g4 29. hxg4 f5 30. gxf5 Rxf5 31. Ng3 Rf4 32. Ne4 Rf5 33. Rd1 Rfh5 34. Ng3 Rg5 35. c5 bxc5 36. bxc5 d5 37. Rb1 Nd7 38. Rab3 Rf8 39. Rf3 Rxf3 40. Qxf3 Bxc5 41. Rb3 Qd6 42. Nf5 Qe5 43. Ne3 Bd6 44. Nf1 Rf5 45. Qg4 Qf6 46. Qe2 Nc5 47. Rh3 Qe6 48. Qc2 Ne4 49. Bxa7 Rxf1+ 50. Kxf1 Qf7+ 51. Bf2 Bg3 52. Rxg3 Nxg3+ 53. Kg1 Ne4 54. a4 Qb7 55. a5 Qb5 56. Bb6+ Kc8 57. Qd1 Kb7 58. Qg4 Qb1+ 59. Kh2 Qd3 60. Qd7+ Ka6 61. Qa7+ Kb5 62. Bc7 Nc5 63. Bd6 Qd4 64. Qxc5+ Qxc5 65. Bxc5 Kxc5 66. g4 d4 67. Kg3 Kb4 68. a6 d3 69. Kf2 Kc3 70. a7 d2 71. a8=Q d1=Q 72. Qxc6+ Kb2 73. Qb5+ Ka3 74. Qc5+ Ka4 75. g5 Qg4 76. Qe5 Kb4 77. Ke3 Kb3 78. Qf4 Qg2 79. Kd4 Kb4 80. Ke5+ Kb5 81. Kf5 Qh3 82. Ke5 Kc6 83. g6 Qc3+ 84. Ke6 Qb3 85. Kf6 Qb2 86. Qe5 Qf2 87. Kg7 Kd7 88. Qd5+ Kc8 89. Qg8+ 1-0

[Site "Europe Echecs"]